 Dungeon Crawl Stone Soup version 0.28.0-45-g0d030f2227 (webtiles) character file.

Game seed: 7510414187944746927

167 NinjaNoafa the Skirmisher (level 5, -5/48 HPs)
             Began as a Minotaur Fighter on Apr 12, 2022.
             Was an Initiate of Gozag.
             Slain by a gnoll
             ... wielding a +0 halberd
              (6 damage)
             ... on level 4 of the Dungeon.
             The game lasted 00:05:51 (2631 turns).

NinjaNoafa the Skirmisher (Minotaur Fighter)        Turns: 2631, Time: 00:05:52

Health: -5/48      AC:  4    Str: 22    XL:     5   Next: 23%
Magic:  4/4        EV:  8    Int:  5    God:    Gozag
Gold:   301        SH:  8    Dex: 10    Spells: 4/4 levels left

rFire   + . .      SeeInvis .   u - +0 morningstar
rCold   + . .      Faith    .   i - +0 kite shield
rNeg    . . .      Spirit   .   b - +0 scale mail
rPois   +          Reflect  .   (helmet restricted)
rElec   +          Harm     .   (no cloak)
rCorr   +          Rampage  .   (no gloves)
Will    .....                   (no boots)
Stlth   ..........              (no amulet)
HPRegen 0.16/turn               (no ring)
MPRegen 0.09/turn               (no ring)

@: mighty, brilliant, resistant, gold aura
A: horns 2, retaliatory headbutt, deformed body, evolution 2
a: Renounce Religion, Potion Petition, Call Merchant, Bribe Branch


You were on level 4 of the Dungeon.
You worshipped Gozag.
Gozag was aware of your devotion.
You visited 1 branch of the dungeon, and saw 4 of its levels.

You collected 333 gold pieces.
You paid 32 gold pieces to Gozag.

Inventory:

Hand Weapons
 a - a +0 flail
 g - a +0 dagger of draining
 u - a +0 morningstar (weapon)
Missiles
 l - 46 stones
 p - a poisoned dart (quivered)
 q - 2 boomerangs
Armour
 b - a +0 scale mail (worn)
 c - a +0 buckler
 i - a +0 kite shield (worn)
 r - an orb of mayhem
Jewellery
 s - a ring of willpower
Wands
 t - a wand of digging (1)
Scrolls
 e - 5 scrolls of teleportation {unknown}
 f - 2 scrolls of noise {unknown}
 h - 6 scrolls of identify {unknown}
 j - a scroll of enchant armour {unknown}
 m - a scroll of blinking {unknown}
Potions
 d - a potion of might


   Skills:
 + Level 5.0 Fighting
 - Level 2.4 Maces & Flails
 * Level 1.4 Throwing
 + Level 4.9 Armour
 + Level 4.9 Shields


You had 4 spell levels left.
You didn't know any spells.
Your spell library contained the following spells:

 Spells                   Type           Power      Damage    Failure   Level
 Blink                    Tloc           0%         N/A       99%         2
 Lesser Beckoning         Tloc           0%         N/A       100%        3
 Manifold Assault         Tloc           0%         N/A       100%        5


Dungeon Overview and Level Annotations

Branches:
Dungeon (4/15)
 Temple: D:4-7

Altars:
Elyvilon
Gozag


Innate Abilities, Weirdness & Mutations

You have a pair of horns on your head.
You reflexively headbutt those who attack you in melee.
Armour fits poorly on your strangely shaped body.
You have great hidden genetic potential.


Message History

The orc priest calls down the wrath of Beogh upon you.
Pain shoots through your body!
It was a potion of brilliance.
You feel clever all of a sudden. You block the orc's attack.
The gnoll hits you with a +0 club.
The orc priest calls down the wrath of Beogh upon you.
You barely resist.
It was a potion of mutation.
You feel extremely strange.
You feel a hidden potential growing inside you.
Your body twists and deforms.
Your hidden genetic potential grows.
The orc priest looks more healthy.
It was a potion of resistance.
You feel protected. You block the orc priest's attack.
You feel very mighty all of a sudden. The orc closely misses you.
You furiously retaliate!
You headbutt the orc.
The gnoll shaman calls upon its god to speed up the gnoll.
The gnoll seems to speed up.
The orc priest hits you but does no damage.
You puncture the orc priest!
You kill the orc priest!
The orc hits you with a +0 short sword.
The gnoll shaman calls upon its god to speed up the gnoll.
The gnoll seems to speed up.
The gnoll hits you with a +0 club. You block the orc's attack.
You block the gnoll shaman's attack. The gnoll hits you with a +0 club.
Your Fighting skill increases to level 5!
You hit the gnoll.
The gnoll is severely wounded.
The gnoll hits you from afar with a +0 halberd.
* * * LOW HITPOINT WARNING * * *
The gnoll barely misses you. The gnoll closely misses you.
The orc hits you with a +0 short sword.
* * * LOW HITPOINT WARNING * * *
The gnoll shaman hits you with a +0 club!
* * * LOW HITPOINT WARNING * * *
You block the gnoll's attack.
The gnoll hits you from afar with a +0 halberd.
You die...
Your body crumbles into a pile of gold.

...........# #......
.............# ##.....<
.............# #.......
. #........... ##.......
(.#...#...... #........
......o#....####......##
....oog##......(.P...##
....gggo##.#..#.P#P.##
#g@!.≈≈≈≈≈≈≈≈≈≈≈≈≈.
###................
###≈≈≈≈≈≈≈≈≈≈≈≈≈.
#.#PP#..#P.##≈≈
#..P...PP...##≈
#............##
##............ ##....


You could see a gnoll shaman, 4 gnolls and 4 orcs.

Vanquished Creatures
  2 orc priests
  A bullfrog skeleton (D:3)
  2 adders
  10 orcs (D:3)
  2 bats (D:3)
  3 endoplasms
  6 giant cockroaches
  6 goblins
  2 hobgoblins (D:1)
  6 kobolds
  6 ball pythons
  2 frilled lizards
  2 rats (D:3)
50 creatures vanquished.

Vanquished Creatures (others)
  2 plants (D:4)
2 creatures vanquished.

Grand Total: 52 creatures vanquished

Notes
Turn   | Place    | Note
-------+----------+-------------------------------------------
     0 | D:1      | NinjaNoafa the Minotaur Fighter began the quest for the
                  | Orb.
     0 | D:1      | Reached XP level 1. HP: 19/19 MP: 0/0
   240 | D:1      | Reached XP level 2. HP: 26/27 MP: 1/1
   502 | D:2      | Reached skill level 4 in Fighting
   636 | D:2      | Found an opulent altar of Gozag.
   654 | D:2      | Became a worshipper of Gozag Ym Sagoz the Greedy
   972 | D:2      | Reached XP level 3. HP: 33/33 MP: 2/2
  1170 | D:3      | Found a faded altar of an unknown god.
  1600 | D:3      | Reached XP level 4. HP: 31/41 MP: 3/3
  2518 | D:4      | Reached skill level 1 in Throwing
  2518 | D:4      | Reached XP level 5. HP: 40/47 MP: 4/4
  2601 | D:4      | Found a white marble altar of Elyvilon.
  2627 | D:4      | Gained mutation: You have hidden genetic potential. [potion
                  | of mutation]
  2627 | D:4      | Gained mutation: Armour fits poorly on your strangely
                  | shaped body. [potion of mutation]
  2627 | D:4      | Gained mutation: You have great hidden genetic potential.
                  | [potion of mutation]
  2631 | D:4      | Reached skill level 5 in Fighting
  2631 | D:4      | HP: 1/48 [gnoll shaman/+0 club (7)]
  2631 | D:4      | Slain by a gnoll

Illustrated notes

Levels and vault maps discovered:
D:1:      scummos_arrival_forest, layout_rooms
D:2:      layout_basic, basic_altar, minmay_misc_feat_doors,
          hangedman_decor_points
D:3:      minmay_recursive_quarters, layout_basic,
          dilly_ecumenical_altar_fadedgnrine, st_stairs_11
D:4:      layout_cave_pods, nicolae_elyvilon_temple_path,
          grunt_temple_overflow_open, gammafunk_ghost_split

Skill      XL: |  1  2  3  4  5 |
---------------+----------------+-----
Shields        | 4 |  4.9
Fighting       | 4 5 |  5.0
Armour         | 4 |  4.9
Throwing       | 1 |  1.4
Maces & Flails | |  2.4

Action                   |  1- 3 |  4- 6 || total
-------------------------+-------+-------++-------
Melee: Flail             |    89 |     7 ||    96
       Headbutt          |     9 |     5 ||    14
       Morningstar       |       |    17 ||    17
Throw: Boomerang         |    10 |     4 ||    14
       Dart              |       |     2 ||     2
  Use: Potion            |       |     4 ||     4
Armor: Scale mail        |    37 |     6 ||    43
Dodge: Dodged            |    44 |    11 ||    55
Block: Buckler           |     5 |       ||     5
       Kite shield       |    35 |    10 ||    45
